AoeStats
← PhilCollinsLive

QS Arena

503199874Analyzed
1v1 RM · 2mo ago on Aug 30, 2026· 35m 13s· 2 players
Game mode
Random Map
Map size
Tiny (2 player)
Population
200
Speed
Normal
Resources
Standard
Victory
Conquest
Starting age
Dark Age
Ending age
Imperial Age
RankedLock teamsTeams togetherTeam positionsShared explorationLock speedFull tech treeHidden civsTurbo modeCheats
Victory
Defeat
🇪🇸 Japanese · Spain
696
+15
vs
🇺🇸 Khmer · United States
678
-15
PhilCollinsLive
8:09 Feudal Age
14:14 Castle Age
14:54 Wheelbarrow
16:20 Double-Bit Axe
16:19 Horse Collar
22:03 Bloodlines
21:16 Light Cavalry
24:11 Gold Mining
24:14 Stone Mining
27:59 Imperial Age
25:17 Loom
25:57 Bow Saw
25:56 Heavy Plow
29:04 Conscription
30:01 Hand Cart
30:28 Ballistics
31:11 Chemistry
30:07 Murder Holes
31:29 Husbandry
32:11 Scale Barding Armor
32:18 Forging
35:09 Chain Barding Armor
35:25 Iron Casting
34:43 Fletching
Bambo6957
8:45 Feudal Age
12:30 Double-Bit Axe
15:06 Castle Age
13:13 Horse Collar
16:20 Bow Saw
16:13 Heavy Plow
16:38 Gold Mining
17:36 Wheelbarrow
16:47 Town Watch
20:49 Loom
21:22 Hand Cart
21:08 Town Patrol
22:10 Arson
22:12 Gambesons
21:48 Man-at-Arms
23:38 Forging
23:29 Scale Mail Armor
24:23 Long Swordsman
26:23 Iron Casting
26:04 Chain Mail Armor
31:03 Imperial Age
31:50 Two-Handed Swordsman
33:05 Pikeman
33:45 Squires
Connection lost

Rejoining the realm…

Still unreachable

The connection could not be restored.

Session expired

The server has moved on; the page needs a fresh start.